 Dungeon Crawl Stone Soup version 0.28-a0-1624-g820543e53a (webtiles) character file.

Game seed: 10250397596851836853

34 HallandMoats the Skirmisher (level 3, 33/33 HPs)
             Began as a Ghoul Fighter on Jan 24, 2022.
             Was a Believer of Lugonu.
             Safely got out of the dungeon.
             The game lasted 00:00:52 (711 turns).

HallandMoats the Skirmisher (Ghoul Fighter)          Turns: 711, Time: 00:00:53

Health: 33/33      AC:  6    Str: 19    XL:     3   Next: 31%
Magic:  2/2        EV:  9    Int:  5    God:    Lugonu [**....]
Gold:   32         SH:  4    Dex:  8    Spells: 2/2 levels left

rFire   . . .      SeeInvis .   f - +1 dagger (venom)
rCold   + . .      Faith    .   b - +0 buckler
rNeg    + + +      Spirit   .   a - +0 scale mail
rPois   ∞          Reflect  .   (no helmet)
rElec   .          Harm     .   (no cloak)
rCorr   .          Rampage  .   (no gloves)
Will    .....                   (no boots)
Stlth   ..........              (no amulet)
HPRegen 0.11/turn               (no ring)
MPRegen 0.08/turn               (no ring)

@: no status effects
A: claws 1, cold resistance 1, negative energy resistance 3, inhibited
regeneration, torment resistance 2
a: Renounce Religion, Depart the Abyss, Bend Space


You escaped.
You worshipped Lugonu.
Lugonu was pleased with you.
You visited 1 branch of the dungeon, and saw 1 of its levels.

You collected 32 gold pieces.

Inventory:

Hand Weapons
 f - a +1 dagger of venom (weapon)
Armour
 a - a +0 scale mail (worn)
 b - a +0 buckler (worn)
Jewellery
 i - a +4 ring of slaying
Scrolls
 e - a scroll of amnesia {unknown}
 h - a scroll of teleportation {unknown}
 j - a scroll of identify {unknown}
Potions
 c - a potion of might
 d - a potion of flight {unknown}
 g - a potion of degeneration {unknown}


   Skills:
 * Level 3.7 Fighting
 + Level 2.9 Armour
 + Level 0.6 Dodging
 + Level 2.8 Shields
 * Level 2.8 Unarmed Combat


You had 2 spell levels left.
You didn't know any spells.
Your spell library was empty.

Dungeon Overview and Level Annotations

Branches:
Dungeon (1/15)

Altars:
Lugonu

Shops:
D:1 [


Innate Abilities, Weirdness & Mutations

You thrive by killing the living.
You are immune to poison.
You have sharp fingernails.
Your flesh is cold resistant. (rC+)
You are immune to negative energy. (rN+++)
You do not regenerate when monsters are visible.
You are immune to unholy pain and torment.


Message History

No target in view!
No target in view!
No target in view!
No target in view!
Things that are here:
a +0 dagger; a goblin corpse
j - a scroll labelled WONNUK AXZEAWN
Found a stone staircase leading down.
There is a stone staircase leading down here.
Key pressed, stopping explore.
There is an open door here.
There is an open door here.
You open the door.
There is an open door here.
Found a faded altar of an unknown god.
No reachable target in view!
You open the door.
There is an open door here.
You open the door. You open the door.
The dart slug bites you but does no damage.
There is an open door here.
You hit the dart slug.
The dart slug is poisoned.
The dart slug is moderately wounded.
You hit the dart slug.
You kill the dart slug!
No target in view!
No target in view!
There is a faded altar of an unknown god here.
You cannot tell which god this altar belongs to.
Convert to them anyway?
Lugonu accepts your prayer! Lugonu welcomes you!
You can now depart the Abyss.
You can now bend space around yourself.
(D) Dungeon
Where to? (? - help)
What level of the Dungeon? (default 1, ? - help)
There is an open door here.
There is a staircase leading out of the dungeon here.
Are you sure you want to leave the Dungeon?
This will make you lose the game!
You have escaped!

.....# #.#....#...............
.....# #.#....#.####.##.#.....
.....# #.#....#......##.#.....
.....## ###.###..#####.###.#.....
......# #...#...(.. #...##.##....
).....###.#.##.#######..##.##..##
#.....'...####.#### ##.##.###.##
##....#######.....# #.##.# #..#
#####....##.....@.#####.##.# ##.#
# ####.#..##..........##.# #.#
#####.##....#####........#.# #..
##....##...#### #.......##.# ##.
##.##.##.#..#.###..###.....# #.
....#.##.##.......## ###.#.# #.
....#.##..##.....## ##..#.# ##
....#'###.##....## ##..##.# #
..........##...### #...##.# #


There were no monsters in sight!

Vanquished Creatures
  3 dart slugs (D:1)
  3 bats (D:1)
  An endoplasm (D:1)
  A giant cockroach (D:1)
  4 goblins (D:1)
  3 hobgoblins (D:1)
  2 jackals (D:1)
  4 kobolds (D:1)
  2 ball pythons (D:1)
  A rat (D:1)
24 creatures vanquished.

Notes
Turn   | Place    | Note
-------+----------+-------------------------------------------
     0 | D:1      | HallandMoats the Ghoul Fighter began the quest for the Orb.
     0 | D:1      | Reached XP level 1. HP: 19/19 MP: 0/0
    89 | D:1      | Reached XP level 2. HP: 23/26 MP: 1/1
   279 | D:1      | Found Duyloy's Antique Armour Boutique.
   312 | D:1      | Reached XP level 3. HP: 30/33 MP: 2/2
   643 | D:1      | Found a faded altar of an unknown god.
   680 | D:1      | Prayed at the altar of an unknown god.
   680 | D:1      | Became a worshipper of Lugonu the Unformed
   680 | D:1      | Reached * piety under Lugonu
   680 | D:1      | Reached ** piety under Lugonu
   711 | D:$      | Safely got out of the dungeon.

Illustrated notes

Levels and vault maps discovered:
D:1:      dpeg_arrival_arbitrary_b, layout_basic,
          nicolae_ecumenical_lake_church, serial_shops, nicolae_shop_crystal

Action                   || total
-------------------------++-------
Melee: Unarmed           ||    11
       Dagger            ||    54
Armor: Scale mail        ||    36
Dodge: Dodged            ||    30
Block: Buckler           ||    12

Table legend: (Time is in decaauts)
 A = Elapsed time spent in this place.
 B = Non-inter-level travel time spent in this place.
 C = Inter-level travel time spent in this place.
 D = Time resting spent in this place.
 E = Time spent auto-exploring this place.
 F = Levels seen in this place.
 G = Mean time per level.
                   A        B        C        D        E       F      G
               +--------+--------+--------+--------+--------+-----+--------+
         Total |    712 |    683 |     29 |      0 |    540 |   1 |  712.0 |
       Dungeon |    712 |    683 |     29 |      0 |    540 |   1 |  712.0 |
               +--------+--------+--------+--------+--------+-----+--------+

Top non-repeatable levels by time:
     D:1: 712 daAuts
